 Dungeon Crawl Stone Soup version 0.31.0-32-g396128a36d (webtiles) character file.

Game seed: 8826622311919437072

112 Doomgape the Ruffian (level 4, -1/45 HPs)
             Began as a Troll Berserker on Mar 15, 2024.
             Was a Believer of Trog.
             Slain by an adder (2 damage)
             ... on level 4 of the Dungeon.
             The game lasted 00:05:18 (1284 turns).

Doomgape the Ruffian (Troll Berserker)              Turns: 1284, Time: 00:05:18

Health: -1/45      AC:  4    Str: 27    XL:     4   Next: 64%
Magic:  3/3        EV: 10    Int:  3    God:    Trog [**....]
Gold:   70         SH:  0    Dex:  9    Spells: 3/3 levels left

rFire   . .          .
                       - Unarmed
rCold   . . .        (no shield)
rNeg    . . .        a - +0 animal skin
rPois   .            (helmet restricted)
rElec   .            (no cloak)
rCorr   .            (gloves unavailable)
SInv    .            (boots unavailable)
Will    .....        (no amulet)
Stlth   +            (no ring)
HPRegen 1.07/turn    (no ring)
MPRegen 0.08/turn

%: no passive effects
@: lethally poisoned (-1 -> -3), hasted, very quick
A: large, unfitting armour, claws 3, regeneration 1, shaggy fur 1, tough skin 1
a: Renounce Religion, Berserk, Trog's Hand


You were on level 4 of the Dungeon.
You worshipped Trog.
Trog was pleased with you.
You visited 1 branch of the dungeon, and saw 4 of its levels.

You collected 70 gold pieces.

Inventory:

Armour
 a - a +0 animal skin (worn)
Jewellery
 e - a +4 ring of protection
Wands
 k - a wand of acid (14)
Scrolls
 j - a scroll of identify
Potions
 c - a potion of curing {unknown}
 d - a potion of might
 f - a potion of enlightenment
 g - a potion of cancellation
 h - a potion of ambrosia {unknown}
 i - a potion of heal wounds {unknown}


   Skills:
 + Level 3.3 Fighting
 + Level 3.2 Dodging
 + Level 3.9 Unarmed Combat


You had 3 spell levels left.
You didn't know any spells.
Your spell library was empty.

Dungeon Overview and Level Annotations

Branches:
Dungeon (4/15)
 Temple: D:4-7

Altars:
Ashenzari

Shops:
D:1 (


Innate Abilities, Weirdness & Mutations

You are too large for most types of armour.
You have claws for hands.
Your natural rate of healing is unusually fast.
You are covered in fur. (AC +1)
You have tough skin. (AC +1)


Message History

You miss something. The orc hits you with a +0 dagger.
Something hits you but does no damage. The adder bites you.
Unknown command.
You closely miss something. The orc hits you with a +0 dagger.
Something hits you but does no damage. The adder completely misses you.
You miss something. The adder bites you. The orc hits you with a +0 dagger.
You hear some strange, mumbled words.
A magic dart appears from out of thin air!
The magic dart hits you!
* * * LOW HITPOINT WARNING * * *
You claw something! The adder bites you.
* * * LOW HITPOINT WARNING * * *
The orc hits you but does no damage. Something hits you but does no damage.
The adder bites you.
* * * LOW HITPOINT WARNING * * *
You are poisoned.
The adder poisons you!
You claw something! Trog accepts your kill.
Trog appreciates your killing of a magic user.
Reactivating autopickup.
You feel a bit more experienced.
You feel sick. The orc hits you but does no damage.
The adder bites you but does no damage.
It was a potion of enlightenment.
You feel very buoyant.
You fly up into the air.
You feel sick. The adder barely misses you. The orc barely misses you.
It was a potion of cancellation.
Your magical effects are unravelling.
You feel magically purged.
You float gracefully downwards.
Your enlightenment fades.
You feel sick. The adder barely misses you. The orc barely misses you.
Okay, then.
It was a potion of haste.
You feel yourself speed up.
You feel sick.
You are no longer poisoned.
The adder bites you.
* * * LOW HITPOINT WARNING * * *
You are lethally poisoned!
The adder poisons you! The orc barely misses you. The adder bites you.
You die...

## .## .# .o
#####..# #S##
##......#.
#So#
#.........
#@###.####....
#)............
###..###....#
#...... .###
...##.....#
.... ......
<..... ....$.
...... ......
...... .##..#


You could see an adder, 2 orcs and a ball python.

Vanquished Creatures
  An orc wizard (D:4)
  Robin (D:2)
  An adder (D:2)
  2 dart slugs
  A ribbon worm (D:2)
  3 orcs
  5 endoplasms
  3 giant cockroaches
  12 goblins
  9 hobgoblins
  2 kobolds (D:1)
  2 quokkas
  5 ball pythons
  3 bats (D:1)
  2 rats (D:2)
52 creatures vanquished.

Notes
Turn   | Place    | Note
-------+----------+-------------------------------------------
     0 | D:1      | Doomgape the Troll Berserker began the quest for the Orb.
     0 | D:1      | Reached XP level 1. HP: 22/22 MP: 0/0
    68 | D:1      | Reached XP level 2. HP: 29/29 MP: 1/1
   155 | D:1      | Found Riklapp's Antique Weapon Boutique.
   519 | D:2      | Found a broken altar of Ashenzari.
   572 | D:2      | Reached ** piety under Trog
   573 | D:2      | Reached XP level 3. HP: 36/36 MP: 2/2
  1065 | D:2      | Noticed Robin
  1070 | D:2      | Killed Robin
  1072 | D:2      | Reached XP level 4. HP: 42/45 MP: 3/3
  1255 | D:3      | You fall into a shaft and drop 1 floor!
  1284 | D:4      | HP: 1/45 [adder (3)]
  1284 | D:4      | Slain by an adder

Illustrated notes

Levels and vault maps discovered:
D:1:      shiori_shiawase, layout_rooms, serial_shops, nicolae_shop_scrapyard
D:2:      layout_loops_cross, basic_altar, minmay_pentomino_s4, uniq_robin
D:3:      layout_basic, grunt_temple_overflow_diamond,
          ebering_ghost_inner_flame, due_unseen_surprise
D:4:      layout_rooms, grunt_decor_cap

Skill      XL: |  1  2  3 |
---------------+----------+-----
Fighting       | 3 |  3.3
Dodging        | 3 |  3.2
Unarmed Combat | |  3.9

Action                     |  1- 3 |  4- 6 || total
---------------------------+-------+-------++-------
  Melee: Unarmed           |    90 |    41 ||   131
         Punch             |     1 |       ||     1
    Use: Scroll            |     3 |       ||     3
         Potion            |       |     3 ||     3
 Armour: Animal skin       |    51 |    48 ||    99
  Dodge: Dodged            |    39 |    22 ||    61
